[Event "Junior-SM 2025"]
[Site "Uppsala, Sweden"]
[Date "2025.07.06"]
[Round "9.5"]
[White "Sandberg, Lucas"]
[Black "Grahn, Vidar"]
[Result "1/2-1/2"]
[TimeControl "90 min for 40 move + 30 min with an increment of 30 sec starting move 1"]
[BlackTitle "FM"]
[WhiteFideId "1773712"]
[BlackFideId "1744780"]
[WhiteElo "2243"]
[BlackElo "2239"]

1. g3 d5 2. Nf3 g6 3.
Bg2 Bg7 4. O-O Nf6 5. c4 c6 6. d3 O-O 7. Nc3 a5 8. e4 dxc4 9. dxc4 Qxd1 10. Rxd1 Be6 11. Bf1 h6 12. h3 Nfd7 13.
Nd4 Nc5 14. Be3 Nba6 15. Nxe6 Nxe6 16. f4 Nb4 17. Rac1 c5 18. Rd7 Rab8 19. e5 Nc6 20. Bg2 Ned4 21. Rd1 b6 22. Rc7 Rfc8 23.
Rxc8+ Rxc8 24. Nd5 Rb8 25. Bxd4 cxd4 26. Nc7 Rc8 27. Nb5 f6 28. Bd5+ Kh7 29. e6 f5 30. b3 Nb4 31. Nxd4 Nxa2 32.
Nc6 Bf6 33. Bf3 Nb4 34. Na7 Rc5 35. Nb5 a4 36. bxa4 Rxc4 37. Rd7 Na6 38. Nd6 Rxa4 39. Ne8 Bd4+ 40. Kf1 Bc5 41. Nf6+ Kg7 42.
Nd5 Ra3 43. Kg2 Nb8 44. Rc7 Ra2+ 45. Kh1 Rf2 46. Bg2 Rc2 47. Bf3 Rc1+ 48. Kg2 Rc2+ 49. Kh1 Rc1+ 1/2-1/2

[Event "Junior-SM 2025"]
[Site "Uppsala, Sweden"]
[Date "2025.07.06"]
[Round "9.1"]
[White "Karlsson, Stefan"]
[Black "Religa, Marek"]
[Result "0-1"]
[TimeControl "90 min for 40 move + 30 min with an increment of 30 sec starting move 1"]
[WhiteFideId "1771183"]
[BlackFideId "1750208"]
[WhiteElo "2126"]
[BlackElo "2228"]

1. Nf3 d6 2. d4 Nd7 3. e4 e5 4. Nc3 Ngf6 5. h3 c6 6. g4 h6 7. Be3 b5 8. a3 Bb7 9. Qd2 a5 10. Bd3 b4 11. axb4 axb4 12. Rxa8 Qxa8 13.
Nd1 c5 14. d5 Nxd5 15. g5 Nxe3 16. Qxe3 c4 17. Bxc4 Bxe4 18. Be2 hxg5 19. Rh2 f6 20. Nd2 Bxc2 21. Nc4 Bf5 22. Bf3 d5 23.
Nb6 Nxb6 24. Qxb6 e4 25. Be2 Kf7 26. Bb5 Be7 27. Bc6 Qd8 28. Qd4 Be6 29. Ne3 Qd6 30. Bxd5 Bxd5 31. Qxd5+ Qxd5 32.
Nxd5 Bc5 33. Ke2 Ke6 34. Ne3 Bxe3 35. Kxe3 f5 36. Kd4 Rd8+ 37. Kc4 Rd2 38. Kxb4 e3 39. Kc3 Rxf2 40. Rh1 e2 41.
Re1 f4 42. Kd2 f3 43. Ke3 Rf1 44. Kd4 Rxe1 0-1

[Event "Junior-SM 2025"]
[Site "Uppsala, Sweden"]
[Date "2025.07.06"]
[Round "9.3"]
[White "Seo, Jung Hyun"]
[Black "Frank, Anton"]
[Result "1/2-1/2"]
[TimeControl "90 min for 40 move + 30 min with an increment of 30 sec starting move 1"]
[BlackTitle "CM"]
[WhiteFideId "1735667"]
[BlackFideId "1752383"]
[WhiteElo "2153"]
[BlackElo "2183"]

1. e4 e5 2. Nf3 Nc6 3. d4 exd4 4. Nxd4 Nf6 5. Nxc6 bxc6 6. e5 Qe7 7. Qe2 Nd5 8. c4 Qb4+ 9. Nd2 Nf4 10.
Qe4 Ne6 11. g3 Bb7 12. Bg2 d5 13. exd6 Bxd6 14. O-O Rb8 15. a3 Qb6 16. c5 Qxc5 17. Nc4 O-O 18. Be3 Qb5 19. Qc2 c5 20.
Bxb7 Qxb7 21. Rad1 Rfd8 22. Rd2 Be7 23. Rfd1 Rxd2 24. Rxd2 Bf6 25. h3 g6 26. Kh2 h5 27. h4 Kg7 28.
Kg1 Re8 29. Qa4 Rb8 30. Rd7 Qb5 31. Qxb5 Rxb5 32. Bc1 Bd4 33. Kg2 Kf8 34. Rd5 Rb8 35. Kf3 Ke7 36. Ne5 Rb3+ 37. Kg2 Bxb2 38.
Bxb2 Rxb2 39. Rd7+ Ke8 40. Rd3 a6 41.
Re3 Ke7 42. Rf3 Re2 43. Nxf7 Nd4 44. Rf4 Ne6 45. Rf3 Nd4 46. Rf4 Nf5 47. Ng5 Kd6 48. Kf1 Ra2 49. Ra4 Kd5 50. Rxa6 c4 51.
Ne6 c3 52. Nxc7+ Kc4 53. Rc6+ Kb3 54. Rb6+ Kc2 55. Nd5 Rxa3 56. Rxg6 Ra5 57. Nxc3 Kxc3 58. Rg5 Rb5 59. Kg1 Nd4 60.
Rxb5 Nxb5 61. g4 hxg4 62. h5 Nd6 63. Kg2 Nf5 64. h6 Nxh6 65. f3 gxf3+ 66. Kxf3 1/2-1/2

[Event "Junior-SM 2025"]
[Site "Uppsala, Sweden"]
[Date "2025.07.05"]
[Round "8.1"]
[White "Wernber, Hugo"]
[Black "Karlsson, Stefan"]
[Result "1-0"]
[TimeControl "90 min for 40 move + 30 min with an increment of 30 sec starting move 1"]
[WhiteTitle "FM"]
[WhiteFideId "1737511"]
[BlackFideId "1771183"]
[WhiteElo "2247"]
[BlackElo "2126"]

1. e4 c5 2. d4 cxd4 3. Qxd4 Nf6 4. Nc3 Nc6 5. Qd3 g6 6. Nf3 d6 7. Be2 Bg7 8. Nd5 O-O 9. O-O Bg4 10.
c3 Nd7 11. Bg5 f6 12. Bh4 e6 13. Ne3 Bxf3 14. Bxf3 Nde5 15. Qd1 Qd7 16. Be2 Nf7 17. f4 f5 18. exf5 gxf5 19. g4 fxg4 20.
Bxg4 Nh6 21. f5 Nxg4 22. Qxg4 Ne5 23. Qh5 exf5 24. Nxf5 Rf7 25. Bg3 Raf8 26. Nd4 Qe8 27. Rxf7 Rxf7 28. Qe2 Qc8 29. Rf1 Rxf1+ 30. Kxf1 a6 31.
Kg2 Qc4 32. Qe4 Qxa2 33. Qxb7 Nd3 34. Qc8+ Bf8 35. Qg4+ Bg7 36. Qc8+ Bf8 37. Ne6 Qd5+ 38. Kg1 Qf3 39. Qxf8+ Qxf8 40.
Nxf8 Kxf8 41. Bxd6+ Kf7 42. Ba3 Ke6 43. Kf1 Kd5 44. b3 Ke4 45. Ke2 Ne5 46. Bd6 Nc6 47. Kd2 Na5 48. Kc2 Nc6 49.
Bc7 Ne7 50. c4 Kd4 51. Bb6+ Ke5 52. Bc5 Nc6 53. b4 Ke6 54. Kc3 Ne5 55. Bf2 Kd7 56. Bg3 Nc6 57. b5 axb5 58. cxb5 Nd8 59.
Kd4 Kc8 60. Kd5 Kb7 61. Bf2 Nf7 62. Be3 Nh8 63. Ke6 Ng6 64. Kf5 Nh4+ 65. Kg4 Ng6 66. h4 Ne5+ 67. Kf5 Nf7 68. Bc5 Kc7 69.
h5 Kd7 70. Kf6 Nd8 71. Be3 Nb7 72. h6 Nd6 73. b6 Ne8+ 74. Kf7 Nd6 75. Kg7 Ke6 76. Bf4 Nb7 77. Bd2 Nc5 78. Bb4 Nb7 79.
Kf8 Kd7 80. Kg7 Ke6 81. Kf8 Kd7 82. Kf7 Nd8 83. Kf6 Nb7 84. Bd2 Nd6 85. Bf4 Nb7 86. Bc7 Nc5 87. Ke5 Kc6 88. Bd8 Nb7 89.
Bc7 Nc5 90. Kf6 Kd7 91. Kf5 Nb7 92. Ke5 Nc5 93. Kd5 Nb7 94. Bf4 Nd8 95. Bd2 Nb7 96. Bg5 Na5 97. Kc5 Nb7+ 98. Kb5 Nd6+ 99.
Ka6 Kc6 100. Be7 Nb7 101. Ka7 Na5 102. Bb4 Nb7 103. Ba3 Nd8 104. Be7 Nb7 105. Ka6 1-0

[Event "Junior-SM 2025"]
[Site "Uppsala, Sweden"]
[Date "2025.07.05"]
[Round "8.2"]
[White "Religa, Marek"]
[Black "Seo, Jung Hyun"]
[Result "1/2-1/2"]
[TimeControl "90 min for 40 move + 30 min with an increment of 30 sec starting move 1"]
[WhiteFideId "1750208"]
[BlackFideId "1735667"]
[WhiteElo "2228"]
[BlackElo "2153"]

1. e4 e5 2. d4 exd4 3.
Qxd4 Nc6 4. Qe3 Nf6 5. Nc3 Bb4 6. Bd2 O-O 7. O-O-O Re8 8. Qf4 d6 9. f3 Be6 10. Nge2 Nh5 11.
Qg5 Qxg5 12. Bxg5 h6 13. Bh4 Ne5 14. Bf2 c6 15. a3 Bc5 16. Bxc5 dxc5 17. Ng3 Nf4 18. Nge2 Nh5 19. Ng3 Nf4 20. Nce2 Nxe2+ 21. Nxe2 Rad8 22.
Rxd8 Rxd8 23. Nf4 Bc8 24. Be2 g5 25.
Nh5 Ng6 26. g3 f5 27. f4 fxe4 28. fxg5 hxg5 29. Nf6+ Kg7 30. Nxe4 Re8 31. Bd3 Re5 32. Nd6 Ne7 33. h4 gxh4 34.
gxh4 Rd5 35. Rg1+ Kh6 36. Re1 Rxd6 37. Rxe7 Kh5 38. Rc7 Rd8 39. Rh7+ Kg4 40. h5 Kg5 41. Be2 a5 42. Rg7+ Kf6 43.
Rg6+ Ke5 44. Bd3 Rh8 45. h6 c4 46. Bxc4 Bf5 47. Rg5 Rxh6 48. Bd3 Rf6 49. Kd2 Ke6 50. a4 Bxd3 51. cxd3 b6 52. Kc3 Kd6 53. Kc4 Rf4+ 54.
d4 Rf6 55. Rg7 Rf2 56. b3 Rf5 57. Rb7 Rd5 58. b4 b5+ 59. axb5 cxb5+ 60. Rxb5 Rxb5 61. Kxb5 axb4 62. Kxb4 Kd5 63.
Kc3 Kd6 64. Kc4 Kc6 65. d5+ Kd6 66. Kd4 Kd7 67. Ke4 Kd6 68. Kd4 Kd7 69. Kc5 Kc7 70. d6+ Kd7 71. Kd5 Kd8 72. Ke6 Ke8 73. Ke5 Kd7 74. Kd5 Kd8 75.
Ke6 Ke8 1/2-1/2

[Event "Junior-SM 2025"]
[Site "Uppsala, Sweden"]
[Date "2025.07.05"]
[Round "8.3"]
[White "Ral Lustig, Melvin"]
[Black "Nilsson, Oliver"]
[Result "1-0"]
[TimeControl "90 min for 40 move + 30 min with an increment of 30 sec starting move 1"]
[WhiteTitle "CM"]
[WhiteFideId "1764195"]
[BlackFideId "1730177"]
[WhiteElo "2233"]
[BlackElo "2129"]

1. Nf3 d5 2. e3 c5 3. b3 f6 4. d4 cxd4 5. exd4 Nc6 6. Bb2 Bg4 7. Be2 e6 8. Nh4 Bxe2 9. Qxe2 Qd7 10.
O-O O-O-O 11. Nf3 g5 12. Nbd2 Nh6 13. Rfd1 Nf5 14. Nf1 g4 15. Ne1 h5 16. Ne3 Bd6 17. Nxf5 exf5 18. c4 Rde8 19.
Qc2 Bc7 20. Nd3 Kb8 21. Nc5 Qd6 22. g3 f4 23. Ba3 Ne7 24. Re1 fxg3 25. hxg3 Nc8 26. Qf5 Rxe1+ 27. Rxe1 Ka8 28. Ne6 Qxa3 29. Nxc7+ Kb8 30. Nxd5 a6 31. Qxf6 Rf8 32. Qe5+ Ka7 33. Nf4 Qb4 34. Nd3 Qb6 35.
Qc5 Rd8 36. d5 Qxc5 37. Nxc5 Kb6 38. Ne6 Rd7 39. Re5 Ka5 40. Nc5 1-0

[Event "Junior-SM 2025"]
[Site "Uppsala, Sweden"]
[Date "2025.07.05"]
[Round "8.4"]
[White "Frank, Anton"]
[Black "Sandberg, Lucas"]
[Result "0-1"]
[TimeControl "90 min for 40 move + 30 min with an increment of 30 sec starting move 1"]
[WhiteTitle "CM"]
[WhiteFideId "1752383"]
[BlackFideId "1773712"]
[WhiteElo "2183"]
[BlackElo "2243"]

1. e4 e6 2. d4 d5 3. Nd2 dxe4 4. Nxe4 Nf6 5. Nxf6+ gxf6 6. Nf3 Nc6 7. Bc4 Qd6 8. O-O Bd7 9.
c3 O-O-O 10. Qe2 Ne7 11. Nd2 f5 12. Bd3 Rg8 13. Nc4 Qd5 14. f3 Ng6 15. Kh1 Bc6 16. Rg1 Be7 17. b4 b6 18.
a4 Bf6 19. b5 Bb7 20. a5 Nh4 21. Ne3 Qd7 22. axb6 axb6 23. Ra4 f4 24. Ng4 Rxg4 25. fxg4 f3 26. gxf3 Nxf3 27. Rg2 Nh4 28.
Be4 Nxg2 29. Bxg2 Bxg2+ 30. Kxg2 Qd5+ 31. Kg1 h5 32. Bf4 Rg8 33. Bg3 Rxg4 34. Qf1 Bd8 35. Qxf7 h4 36. Ra8+ Qxa8 37.
Qxe6+ Kb8 38. Qxg4 hxg3 39. Qxg3 Qa1+ 40. Kg2 Qb2+ 41. Kg1 Qxb5 42. h4 Qh5 43. Qg8 Qxh4 0-1

[Event "Junior-SM 2025"]
[Site "Uppsala, Sweden"]
[Date "2025.07.05"]
[Round "8.5"]
[White "Grahn, Vidar"]
[Black "Valcu, Lavinia"]
[Result "1/2-1/2"]
[TimeControl "90 min for 40 move + 30 min with an increment of 30 sec starting move 1"]
[WhiteTitle "FM"]
[WhiteFideId "1744780"]
[BlackFideId "1752197"]
[WhiteElo "2239"]
[BlackElo "2127"]

1. d4 Nf6 2. c4 c5 3. d5 b5 4. cxb5 a6 5. bxa6 g6 6. Nc3 Bg7 7. Nf3 O-O 8. g3 Qa5 9. Bd2 Nxa6 10.
Bg2 d6 11. O-O Qb6 12. Qc1 Nb4 13. Nh4 Bb7 14. Bh6 Bxh6 15. Qxh6 Nbxd5 16. Rab1 Qc7 17. Nxd5 Bxd5 18. Bxd5 Nxd5 19.
a3 Nf6 20. Nf3 Rfb8 21. Rfc1 Rb7 22. Nd2 Ng4 23. Qf4 Ne5 24. Rc3 Qb8 25. b4 cxb4 26. axb4 Ra4 27. Rcb3 Nc6 28. Qe4 Raxb4 29. Qxc6 Rxb3 30. Rxb3 Rxb3 31. Nxb3 Qxb3 1/2-1/2

[Event "Junior-SM 2025"]
[Site "Uppsala, Sweden"]
[Date "2025.07.04"]
[Round "7.1"]
[White "Seo, Jung Hyun"]
[Black "Wernber, Hugo"]
[Result "0-1"]
[TimeControl "90 min for 40 move + 30 min with an increment of 30 sec starting move 1"]
[BlackTitle "FM"]
[WhiteFideId "1735667"]
[BlackFideId "1737511"]
[WhiteElo "2153"]
[BlackElo "2247"]

1. e4 e5 2. Nf3 Nf6 3. Nxe5 d6 4. Nf3 Nxe4 5. Nc3 Nxc3 6. dxc3 Be7 7. Be3 Nd7 8. Qd2 Ne5 9. Nxe5 dxe5 10.
Bd3 Be6 11. Qe2 Qd5 12. f3 O-O 13. a3 c6 14. c4 Qd7 15. O-O-O Qc7 16. f4 f5 17. fxe5 Qxe5 18. Qf2 Bf6 19.
c3 Qa5 20. Rhe1 Rfe8 21. Kb1 Qa4 22. Bxf5 Bxf5+ 23. Qxf5 Rxe3 24. Rxe3 Qxd1+ 25. Ka2 h6 26. Qg6 Qd7 27. Rf3 Qf7 28.
Qg3 Qxc4+ 29. Kb1 Qf7 30. Qf4 Re8 31. Rf1 Qd5 32. g4 Qe4+ 0-1

[Event "Junior-SM 2025"]
[Site "Uppsala, Sweden"]
[Date "2025.07.04"]
[Round "7.2"]
[White "Karlsson, Stefan"]
[Black "Ral Lustig, Melvin"]
[Result "1/2-1/2"]
[TimeControl "90 min for 40 move + 30 min with an increment of 30 sec starting move 1"]
[BlackTitle "CM"]
[WhiteFideId "1771183"]
[BlackFideId "1764195"]
[WhiteElo "2126"]
[BlackElo "2233"]

1. Nf3 c5 2. b3 Nf6 3. Bb2 d5 4. e3 a6 5. c4 Nc6 6. cxd5 Nxd5 7. d4 Qa5+ 8. Qd2 Qxd2+ 9. Nbxd2 cxd4 10.
Nxd4 Nxd4 11. Bxd4 Nb4 12. Kd1 Nc6 13. Bb2 Bf5 14. e4 Bg6 15. Rc1 e5 16. Bd3 Rd8 17. Ke2 1/2-1/2

[Event "Junior-SM 2025"]
[Site "Uppsala, Sweden"]
[Date "2025.07.04"]
[Round "7.3"]
[White "Sandberg, Lucas"]
[Black "Religa, Marek"]
[Result "1/2-1/2"]
[TimeControl "90 min for 40 move + 30 min with an increment of 30 sec starting move 1"]
[WhiteFideId "1773712"]
[BlackFideId "1750208"]
[WhiteElo "2243"]
[BlackElo "2228"]

1. Nc3 d5 2. e4 d4 3. Nce2 e5 4. d3 c5 5. Nf3 Nc6 6. g3 Be7 7. Bg2 h5 8. h4 Nh6 9. Nh2 f6 10.
f4 Be6 11. O-O b5 12. a4 a6 13. Bf3 Bf7 14. axb5 axb5 15. Rxa8 Qxa8 16. fxe5 fxe5 17. Kg2 g6 18. Ng1 Be6 19. Bd2 Nf7 20. Be2 Qc8 21. Qc1 c4 22.
Nhf3 O-O 23. Bh6 Rd8 24. Ng5 Nxg5 25. Bxg5 Qd7 26. Bxe7 Qxe7 27. Nf3 Rf8 28. Ng5 Rxf1 29. Qxf1 c3 30.
Qa1 cxb2 31. Qxb2 b4 32. Qa1 Kg7 33. Qa8 Qd7 34. Kg1 Bg8 35. Qa6 Nd8 36. Qa5 Qd6 37. g4 hxg4 38. Bxg4 Kh6 39.
Qb5 Qf6 40. Qe8 Kg7 41. Kg2 Qd6 42. Bd7 Qf6 43. Bg4 Qd6 44. Bd7 Qf6 45. Nf3 Be6 46. Kf2 Bxd7 47. Qxd7+ Nf7 48. Qb7 Kg8 49. Qxb4 g5 50. Qb8+ Kh7 51. Qc8 gxh4 52. Qg4 Nh6 53.
Qxh4 Qxh4+ 54. Nxh4 Kg7 55. Nf3 Kf6 56. Ke2 Ng4 57. Kd2 Ke6 58. Kc1 Kd6 59. Kb2 Ne3 60. Kb3 Nd1 61. Ng5 Nf2 62.
Kb4 Nd1 63. Nf3 Nf2 64. Nh4 Nd1 65. Nf5+ Kc6 66. Nh4 Kd6 67. Nf3 Nf2 68. Kb3 Ke6 69. Kc4 Nd1 70. Nxd4+ exd4 71. Kxd4 Nf2 72.
c4 Kd6 73. Ke3 Nd1+ 74. Ke2 Nb2 75. Kd2 Kc5 76. e5 Na4 77. Ke3 Nb2 78. Ke4 Kc6 79. Ke3 Kc5 80. Kd2 Na4 81. Kc2 Nb6 82.
Kb3 Kd4 83. e6 Nc8 84. Kb4 Kxd3 85. Kc5 Kc3 86. Kd5 Kb4 87. Kc6 Kxc4 88. Kc7 Ne7 89. Kd7 Nd5 90. e7 Kd4 91. e8=N Ne3 92.
Nd6 1/2-1/2

[Event "Junior-SM 2025"]
[Site "Uppsala, Sweden"]
[Date "2025.07.04"]
[Round "7.4"]
[White "Nilsson, Oliver"]
[Black "Valcu, Lavinia"]
[Result "0-1"]
[TimeControl "90 min for 40 move + 30 min with an increment of 30 sec starting move 1"]
[WhiteFideId "1730177"]
[BlackFideId "1752197"]
[WhiteElo "2129"]
[BlackElo "2127"]

1. e4 e5 2. Nf3 Nc6 3. Bc4 Nf6 4. d4 exd4 5. e5 d5 6. Bb5 Nd7 7. O-O Be7 8. c3 d3 9. Re1 a6 10.
Bxd3 Nc5 11. h3 Nxd3 12. Qxd3 Be6 13. Be3 Qd7 14. Qd1 O-O 15. Bg5 Bc5 16. Nbd2 h6 17. Nb3 Bxf2+ 18. Kxf2 hxg5 19.
Kg1 Qe7 20. Nfd4 Nxd4 21. cxd4 a5 22. a4 b6 23. Qc2 Rfc8 24. Qc6 Qb4 25. Re3 Qc4 26. Rc3 Qxc6 27. Rxc6 Bd7 28. Rc3 f6 29.
Re3 Re8 30. Kf2 fxe5 31. dxe5 c5 32. Nd2 g4 33. h4 Re7 34. b3 Rae8 35. Rae1 Bf5 36. R3e2 d4 37. Nc4 Bd3 38. Nd6 Bxe2 39.
Rxe2 Rf8+ 40. Ke1 g3 41. Nc4 Re6 42. Kd2 Rf4 43. Kd3 Rxh4 44. Re4 Rh2 45. Rf4 Rxg2 46. Ke4 Rg6 47. Kd5 Rf2 48.
e6 Rxf4 49. e7 Kf7 50. Ne5+ Ke8 51. Nxg6 Rf6 0-1

[Event "Junior-SM 2025"]
[Site "Uppsala, Sweden"]
[Date "2025.07.04"]
[Round "7.5"]
[White "Frank, Anton"]
[Black "Grahn, Vidar"]
[Result "0-1"]
[TimeControl "90 min for 40 move + 30 min with an increment of 30 sec starting move 1"]
[WhiteTitle "CM"]
[BlackTitle "FM"]
[WhiteFideId "1752383"]
[BlackFideId "1744780"]
[WhiteElo "2183"]
[BlackElo "2239"]

1. e4 e5 2. Nf3 Nc6 3. Bc4 Nf6 4. d3 Be7 5. O-O O-O 6. Re1 d6 7. a4 Be6 8. Bxe6 fxe6 9. c3 Qe8 10.
Qb3 Nd8 11. d4 Qg6 12. dxe5 Nxe4 13. Nbd2 Nc5 14. Qd1 Nd3 15. Re3 Nf4 16. Qf1 d5 17. Nb3 c5 18. Ne1 Nc6 19. Rg3 Qh5 20.
Bxf4 Rxf4 21. Nd3 Rh4 22. Nbxc5 Rxh2 23. Rh3 Rxh3 24. gxh3 Bxc5 25. Nxc5 Nxe5 26. Qg2 Nf3+ 27. Kh1 Ng5 28.
Qg4 Qxh3+ 29. Qxh3 Nxh3 30. Nxe6 Nxf2+ 31. Kg2 Nd3 32. Rd1 Nxb2 33. Rxd5 Re8 34. Nc7 Re7 35. Rd8+ Kf7 36. Nd5 Re2+ 37. Kf3 Rc2 38. Rb8 Nxa4 39.
Rxb7+ Kg6 40. Rxa7 Nxc3 41. Nf4+ Kh6 42. Ne6 Nb5 43. Rb7 Rc3+ 44. Kf4 Rc4+ 45. Ke5 Re4+ 46. Kd5 Nc3+ 47. Kd6 Rg4 48. Ke5 Rg3 49. Rb2 Re3+ 50.
Kf5 g6+ 51. Kf6 Re2 52. Rb7 Ne4+ 53. Ke7 Nc5 54. Rb1 Nxe6 55. Kf6 Nf4 56. Rg1 Nh5+ 57. Kf7 Rf2+ 58. Kg8 g5 59. Ra1 Kg6 60.
Ra7 Re2 61. Kf8 g4 0-1

[Event "Junior-SM 2025"]
[Site "Uppsala, Sweden"]
[Date "2025.07.03"]
[Round "6.4"]
[White "Religa, Marek"]
[Black "Frank, Anton"]
[Result "0-1"]
[TimeControl "90 min for 40 move + 30 min with an increment of 30 sec starting move 1"]
[BlackTitle "CM"]
[WhiteFideId "1750208"]
[BlackFideId "1752383"]
[WhiteElo "2228"]
[BlackElo "2183"]

1. g3 d5 2. Bg2 c5 3. d3 Nf6 4. f4 g6 5. Nf3 Bg7 6.
O-O O-O 7. a3 Nc6 8. a4 Re8 9. Nc3 d4 10. Ne4 Nxe4 11. dxe4 e5 12. f5 gxf5 13. e3 fxe4 14. Nh4 Ne7 15.
Bxe4 f5 16. Nxf5 Bxf5 17. Bxf5 Nxf5 18. Rxf5 Rf8 19. Rxf8+ Qxf8 20. e4 Qf7 21. Qe2 Rf8 22. Bd2 Qe6 23. g4 c4 24. h3 Qc6 25.
Kg2 Rf7 26. Bb4 Bh6 27. Rf1 Bf4 28. Rf3 Rc7 29. Bd2 Rf7 30. Bxf4 Rxf4 31. Rxf4 exf4 32. a5 Qb5 33. Kf3 h6 34.
e5 d3 35. cxd3 cxd3 36. Qd2 Qc4 37. Qc3 Qxc3 38. bxc3 Kf7 39. h4 Ke6 40. a6 b6 41. Kf2 Kxe5 42. Kf3 Kf6 43. Kf2 b5 44. Kf3 Ke5 45. Kf2 Ke4 46. h5 Ke5 47. Kf3 Kf6 48. c4 bxc4 49. g5+ Kxg5 50. Kf2 c3 51. Kf3 c2 52. Kf2 d2 53. Kf3 d1=Q+ 54. Kf2 c1=Q 55. Kg2 Qf1+ 56.
Kh2 Qd2# 0-1

[Event "Junior-SM 2025"]
[Site "Uppsala, Sweden"]
[Date "2025.07.03"]
[Round "6.5"]
[White "Grahn, Vidar"]
[Black "Nilsson, Oliver"]
[Result "1-0"]
[TimeControl "90 min for 40 move + 30 min with an increment of 30 sec starting move 1"]
[WhiteTitle "FM"]
[WhiteFideId "1744780"]
[BlackFideId "1730177"]
[WhiteElo "2239"]
[BlackElo "2129"]

1. d4 d5 2. Nf3 Nf6 3. c4 c6 4. Nc3 g6 5. cxd5 cxd5 6. Bf4 Nc6 7. e3 Nh5 8. Bg5 h6 9. Bh4 Bg7 10.
Bb5 Qd6 11. Rc1 O-O 12. O-O Be6 13. Bxc6 bxc6 14. Na4 f5 15. Bg3 Nxg3 16. hxg3 g5 17. Qe2 f4 18. exf4 Bg4 19. Rfe1 Bxf3 20.
gxf3 gxf4 21. Kg2 Bxd4 22. Qxe7 Qxe7 23. Rxe7 Rae8 24. Rxe8 Rxe8 25. Rxc6 Re2 26. gxf4 Kg7 27. Rd6 Rxf2+ 28. Kg3 Rd2 29. Kg4 Bxb2 30. Kf5 Kh7 31. Nc5 Bg7 32. a4 d4 33. Ne6 Rg2 34. Rd7 a5 35. Nxd4 Rd2 36. Ke4 h5 37.
f5 Rxd4+ 38. Rxd4 Bxd4 39. Kxd4 Kg7 40. Ke4 Kf7 41. Ke5 h4 42. Kf4 Kf6 43. Kg4 h3 44. Kxh3 Kxf5 45. Kg3 Kg5 46.
f4+ Kf6 47. Kf3 Ke6 48. Ke4 Kf6 49. Kd5 Kf5 50. Kc5 Kxf4 51. Kb5 Ke5 52. Kxa5 Kd6 53. Kb6 Kd7 54. Kb7 1-0

[Event "Junior-SM 2025"]
[Site "Uppsala, Sweden"]
[Date "2025.07.03"]
[Round "6.1"]
[White "Ral Lustig, Melvin"]
[Black "Seo, Jung Hyun"]
[Result "1/2-1/2"]
[TimeControl "90 min for 40 move + 30 min with an increment of 30 sec starting move 1"]
[WhiteTitle "CM"]
[WhiteFideId "1764195"]
[BlackFideId "1735667"]
[WhiteElo "2233"]
[BlackElo "2153"]

1. Nf3 d5 2. e3 Nf6 3. c4 e6 4. Nc3 Be7 5. b3 c5 6. cxd5 Nxd5 7. Bb2 Bf6 8. Rc1 O-O 9. Be2 Nd7 10.
Qc2 Nxc3 11. Bxc3 Bxc3 12. Qxc3 b6 13. d4 Bb7 14. O-O 1/2-1/2

[Event "Junior-SM 2025"]
[Site "Uppsala, Sweden"]
[Date "2025.07.03"]
[Round "6.2"]
[White "Wernber, Hugo"]
[Black "Sandberg, Lucas"]
[Result "1-0"]
[TimeControl "90 min for 40 move + 30 min with an increment of 30 sec starting move 1"]
[WhiteTitle "FM"]
[WhiteFideId "1737511"]
[BlackFideId "1773712"]
[WhiteElo "2247"]
[BlackElo "2243"]

1. d4 g6 2. Nf3 Bg7 3. e3 Nf6 4. Be2 O-O 5. O-O d6 6. b3 c5 7. Bb2 Nc6 8. d5 Nb4 9. c4 b5 10.
a3 Na6 11. Nc3 bxc4 12. Bxc4 Nc7 13. Qd2 Rb8 14. e4 Nd7 15. Nd1 f6 16. Ne3 Ne5 17. Nxe5 fxe5 18. b4 cxb4 19. axb4 a6 20.
Nc2 Nb5 21. Kh1 Qb6 22. f3 Bd7 23. Qd3 Nc7 24. Ra5 Rfc8 25. Rfa1 Bh6 26. Bxe5 dxe5 27. d6+ Ne6 28. Rxa6 Qb7 29.
dxe7 Kf7 30. e8=Q+ Kxe8 31. Bxe6 Bb5 32. Bxc8 Bxa6 33. Qxa6 Qxc8 34. Qd6 Rb5 35. Ra7 Bf8 36. Qf6 Qc4 37.
Ra8+ Kd7 38. Qd8+ Ke6 39. Ra6+ 1-0

[Event "Junior-SM 2025"]
[Site "Uppsala, Sweden"]
[Date "2025.07.03"]
[Round "6.3"]
[White "Valcu, Lavinia"]
[Black "Karlsson, Stefan"]
[Result "0-1"]
[TimeControl "90 min for 40 move + 30 min with an increment of 30 sec starting move 1"]
[WhiteFideId "1752197"]
[BlackFideId "1771183"]
[WhiteElo "2127"]
[BlackElo "2126"]

1. e4 c5 2. Nf3 d6 3. d4 cxd4 4.
Nxd4 Nf6 5. Nc3 Nc6 6. Bg5 e6 7. Qd2 a6 8. O-O-O Bd7 9. f4 Be7 10. Nf3 b5 11. e5 b4 12.
exd6 bxc3 13. Qxc3 Bf8 14. Bc4 Rc8 15. Rhe1 Na5 16. Ne5 Nxc4 17. Nxc4 h6 18. Bh4 g5 19. fxg5 hxg5 20. Bxg5 Ne4 21.
Qxh8 Qxg5+ 22. Ne3 Qg7 23. Qxg7 Bxg7 24. h4 Be5 25. Ng4 Bf4+ 26. Kb1 Nd2+ 27. Ka1 Rxc2 28. Ne3 Rc5 29. Rxd2 Bxe3 30.
Rdd1 Bf2 31. Rh1 Rh5 32. g3 f5 33. Rd3 e5 34. Rc1 e4 35. Rd5 Bxg3 36. Rg1 Rxh4 37. Kb1 f4 38. Re5+ Kd8 39.
Kc2 Rh2+ 40. Kc3 e3 41. Rxe3 fxe3 42. Rxg3 e2 43. Rg8+ Be8 44. Kd2 Kd7 45. Rg1 Kxd6 46. Ke3 Bh5 47.
Re1 Ke5 48. Rc1 Rh3+ 49. Kd2 Kd4 50. Kc2 Ke3 51. b4 Bg6+ 52. Kb2 Kd2 53. b5 axb5 54. a4 bxa4 0-1

[Event "Junior-SM 2025"]
[Site "Uppsala, Sweden"]
[Date "2025.07.02"]
[Round "5.1"]
[White "Sandberg, Lucas"]
[Black "Ral Lustig, Melvin"]
[Result "0-1"]
[TimeControl "90 min for 40 move + 30 min with an increment of 30 sec starting move 1"]
[BlackTitle "CM"]
[WhiteFideId "1773712"]
[BlackFideId "1764195"]
[WhiteElo "2243"]
[BlackElo "2233"]

1. b3 d5 2. Bb2 Nf6 3. Nf3 Bf5 4. g3 e6 5. Bg2 h6 6. O-O Nbd7 7. d3 Bd6 8. Nbd2 e5 9. e4 dxe4 10.
dxe4 Nxe4 11. Nh4 Nxd2 12. Nxf5 Nxf1 13. Nxd6+ cxd6 14. Qxd6 Qb6 15. Qxb6 axb6 16. Kxf1 O-O-O 17. Bd5 f6 18.
c4 Nc5 19. Bc1 Na6 20. Be3 Rd6 21. Be4 Rhd8 22. Ke2 Nc5 23. Bd5 Ne6 24. a4 f5 25. a5 bxa5 26. Rxa5 f4 27. Ba7 b6 28.
Ra2 Nd4+ 29. Kf1 fxg3 30. hxg3 Nxb3 31. Rb2 R8d7 32. Rxb3 Rxa7 33. Re3 Rc7 34. Rxe5 Rc5 35. Be6+ Kc7 36.
Re4 Rd2 37. Rf4 Kd6 38. Bg8 Rc8 39. Bh7 Kc5 40. Rf7 Kxc4 41. Rxg7 Rf8 42. Rg4+ Kc3 0-1

[Event "Junior-SM 2025"]
[Site "Uppsala, Sweden"]
[Date "2025.07.02"]
[Round "5.2"]
[White "Seo, Jung Hyun"]
[Black "Valcu, Lavinia"]
[Result "0-1"]
[TimeControl "90 min for 40 move + 30 min with an increment of 30 sec starting move 1"]
[WhiteFideId "1735667"]
[BlackFideId "1752197"]
[WhiteElo "2153"]
[BlackElo "2127"]

1. e4 e5 2. Nf3 Nc6 3. d4 exd4 4. Nxd4 Nf6 5. Nxc6 bxc6 6. e5 Qe7 7. Qe2 Nd5 8. h4 h6 9. c4 Ba6 10.
b3 O-O-O 11. Bb2 f6 12. Qe4 Nb6 13. f4 fxe5 14. fxe5 Bb7 15. Nd2 c5 16. Qg4 h5 17. Qh3 g5 18.
hxg5 Bg7 19. O-O-O Bxe5 20. Nf3 Bxb2+ 21. Kxb2 Kb8 22. Qg3 Rhe8 23. Bd3 d5 24. Rhe1 Qg7+ 25. Kc2 dxc4 26. Bxc4 Nxc4 27.
bxc4 Qg6+ 28. Kc1 Rxd1+ 29. Rxd1 Qg7 30. Kc2 Be4+ 31. Kb3 Re6 32. Rd8+ Kb7 33. Ka4 Bc2+ 34. Kb5 Qb2+ 35. Kxc5 Qb6+ 36.
Kd5 Be4# 0-1

[Event "Junior-SM 2025"]
[Site "Uppsala, Sweden"]
[Date "2025.07.02"]
[Round "5.3"]
[White "Frank, Anton"]
[Black "Wernber, Hugo"]
[Result "0-1"]
[TimeControl "90 min for 40 move + 30 min with an increment of 30 sec starting move 1"]
[WhiteTitle "CM"]
[BlackTitle "FM"]
[WhiteFideId "1752383"]
[BlackFideId "1737511"]
[WhiteElo "2183"]
[BlackElo "2247"]

1. e4 c5 2. Nf3 d6 3. d4 cxd4 4. Nxd4 Nf6 5. Nc3 a6 6. Be2 e5 7. Nb3 Be7 8. Be3 Be6 9. Nd5 Nxd5 10.
exd5 Bf5 11. Qd2 b6 12. O-O O-O 13. c4 Nd7 14. Rac1 a5 15. Na1 g5 16. h4 h6 17. g3 Nc5 18.
f3 Bg6 19. Nc2 f5 20. hxg5 hxg5 21. b4 axb4 22. Nxb4 f4 23. gxf4 gxf4 24. Bxc5 bxc5 25. Nc6 Qe8 26. Nxe7+ Qxe7 27.
Rf2 Kf7 28. Bd3 Rg8 29. Kf1 Bh5 30. Bf5 Rg3 31. Qd3 Qh4 32. Be6+ Kg7 33. Qb1 Bxf3 34. Ke1 Rg1+ 0-1